 Dungeon Crawl Stone Soup version 0.26-a0-670-g578ab304f5 (webtiles) character file.

Game seed: 12389546831224776092

28 Hypoxia the Sneak (level 2, 0/27 HPs)
             Began as a Deep Dwarf Delver on Oct 19, 2020.
             Slain by a bullfrog (1 damage)
             ... on level 6 of the Dungeon.
             The game lasted 00:02:44 (116 turns).

Hypoxia the Sneak (Deep Dwarf Delver)                Turns: 116, Time: 00:02:44

Health: 0/27       AC:  4    Str: 15    XL:     2   Next: 96%
Magic:  2/2        EV: 12    Int: 10    God:
Gold:   0          SH:  0    Dex: 14    Spells: 1/1 levels left

rFire    . . .     SeeInvis .   a - +0 hand axe
rCold    . . .     Faith    .   (no shield)
rNeg     . . .     Spirit   .   b - +0 leather armour
rPois    .         Reflect  .   (no helmet)
rElec    .         Harm     .   d - +0 cloak
rCorr    .         Rampage  .   (no gloves)
MR       .....                  (no boots)
Stlth    +++.......             (no amulet)
HPRegen  0.00/turn              (no ring)
MPRegen  0.08/turn              (no ring)

@: lethally poisoned (0 -> 0), non-regenerating
A: damage resistance, heal wounds, sense surroundings 1, no regeneration
a: Heal Wounds


You were on level 6 of the Dungeon.
You visited 1 branch of the dungeon, and saw 2 of its levels.

Inventory:

Hand Weapons
 a - a +0 hand axe (weapon)
Armour
 b - a +0 leather armour (worn)
 d - a +0 cloak (worn)
Wands
 f - a wand of polymorph (5)
 D - a wand of digging (3)
Scrolls
 c - a scroll of fog
 e - a scroll of fear
 M - a scroll of magic mapping
Potions
 H - a potion of haste {@q3}


   Skills:
 - Level 2.6 Fighting
 + Level 3.9 Axes
 - Level 2.1 Dodging
 - Level 6.0 Stealth


You had one spell level left.
You didn't know any spells.
Your spell library was empty.

Dungeon Overview and Level Annotations

Branches:
Dungeon (6/15)
 Temple: D:4-7

Altars:


Innate Abilities, Weirdness & Mutations

You are resistant to damage.
You can heal yourself by infusing magical energy.
You passively map a small area around you.
You do not regenerate.


Message History

You hit the giant cockroach. You hit the iguana. You hit the bullfrog.
The bullfrog barely misses you. The giant cockroach bites you.
The worker ant barely misses you. The iguana bites you.
The giant cockroach closely misses you. The bullfrog closely misses you.
The worker ant barely misses you.
You fail to use your ability.
The iguana barely misses you. The bullfrog completely misses you.
The worker ant bites you but does no damage.
The giant cockroach barely misses you.
You fail to use your ability.
The bullfrog hits you!
* * * LOW HITPOINT WARNING * * *
The iguana bites you.
* * * LOW HITPOINT WARNING * * *
The worker ant bites you.
* * * LOW HITPOINT WARNING * * *
You are poisoned.
The worker ant poisons you!
The giant cockroach bites you but does no damage.
The bullfrog hits you.
You die...

* , *
#.....#######
#............ ,
#...>........,
, #............
,,
,#............
,
###............
*
........B..?...
......B@l......
........F......
...#####.......
.,,* .......,
,,, #######* ,
, , , * ,


You could see a bullfrog, an iguana, a worker ant and a giant cockroach.

Vanquished Creatures
  Crazy Yiuf
1 creature vanquished.

Notes
Turn   | Place    | Note
-------+----------+-------------------------------------------
     0 | D:5      | Hypoxia the Deep Dwarf Delver began the quest for the Orb.
     0 | D:5      | Reached XP level 1. HP: 20/20 MP: 1/1
    38 | D:5      | Found a runed translucent door.
    39 | D:5      | Noticed Crazy Yiuf
    49 | D:5      | Killed Crazy Yiuf
    49 | D:5      | Reached skill level 3 in Axes
    49 | D:5      | Reached XP level 2. HP: 27/27 MP: 2/2
   111 | D:6      | Noticed a bullfrog
   116 | D:6      | HP: 5/27 [bullfrog (6)]
   116 | D:6      | HP: 1/27 [worker ant (3)]
   116 | D:6      | Slain by a bullfrog

Illustrated notes

Levels and vault maps discovered:
D:5:      layout_loops_corners, serial_shops, shop, uniq_pikel,
          uniq_crazy_yiuf_cottage
D:6:      kennysheep_spiral_hall, layout_gridville,
          lemuel_coloured_pillars_altar, uniq_maggie

Skill      XL: |  1 |
---------------+----+-----
Axes           | 3 |  3.9
Fighting       | |  2.6
Dodging        | |  2.1
Stealth        | |  6.0

Action                   || total
-------------------------++-------
Melee: Unarmed           ||     3
       Hand axe          ||     3
Armor: Skin              ||     1
       Leather armour    ||     3
Dodge: Dodged            ||    16

Table legend: (Time is in decaauts)
 A = Elapsed time spent in this place.
 B = Non-inter-level travel time spent in this place.
 C = Inter-level travel time spent in this place.
 D = Time resting spent in this place.
 E = Time spent auto-exploring this place.
 F = Levels seen in this place.
 G = Mean time per level.
                   A        B        C        D        E       F      G
               +--------+--------+--------+--------+--------+-----+--------+
         Total |    117 |    117 |      0 |      0 |      0 |   2 |   58.5 |
       Dungeon |    117 |    117 |      0 |      0 |      0 |   2 |   58.5 |
               +--------+--------+--------+--------+--------+-----+--------+

Top non-repeatable levels by time:
     D:5: 109 daAuts
     D:6: 7 daAuts
